 Dungeon Crawl Stone Soup version 0.28-a0-1227-ga9037bb4c8 (webtiles) character file.

Game seed: 5728109566828834477

478 bearlyready the Shield-Bearer (level 6, -16/47 HPs)
             Began as a Demonspawn Fighter on Dec 22, 2021.
             Killed from afar by Maggie (21 damage)
             ... with a bolt of fire
             ... on level 6 of the Dungeon.
             The game lasted 00:03:50 (3595 turns).

bearlyready the Shield-Bearer (Demonspawn Fighter)  Turns: 3595, Time: 00:03:50

Health: -16/47     AC: 11    Str: 16    XL:     6   Next: 85%
Magic:  6/6        EV:  9    Int:  9    God:
Gold:   78         SH:  5    Dex: 15    Spells: 5/5 levels left

rFire   . . .      SeeInvis .   a - +0 long sword
rCold   . . .      Faith    .   c - +0 buckler
rNeg    . . .      Spirit   .   b - +0 scale mail
rPois   .          Reflect  .   (helmet restricted)
rElec   .          Harm     .   (no cloak)
rCorr   .          Rampage  .   (no gloves)
Will    .....                   j - +2 pair of boots
Stlth   ..........              (no amulet)
HPRegen 0.15/turn               (no ring)
MPRegen 0.10/turn               (no ring)

@: mighty, mesmerised
A: horns 1, icy blue scales 1
a: no special abilities


You were on level 6 of the Dungeon.
You visited 1 branch of the dungeon, and saw 4 of its levels.

You collected 117 gold pieces.
You spent 39 gold pieces at shops.

Inventory:

Hand Weapons
 a - a +0 long sword (weapon)
 k - a +0 fustibalus
Missiles
 i - 58 stones (quivered)
 p - 24 bolts
Armour
 b - a +0 scale mail (worn)
 c - a +0 buckler (worn)
 j - a +2 pair of boots (worn)
Scrolls
 f - a scroll of noise {unknown}
 l - a scroll of teleportation
 o - a scroll of enchant armour
Potions
 d - a potion of might
 e - a potion of magic {unknown}
 g - a potion of flight {unknown}
 h - a potion of berserk rage
 m - 2 potions of lignification {unknown}
 q - a potion of degeneration {unknown}


   Skills:
 - Level 3.0 Fighting
 + Level 4.8 Long Blades
 - Level 1.3 Slings
 - Level 2.6 Armour
 - Level 5.2 Shields


You had 5 spell levels left.
You didn't know any spells.
Your spell library contained the following spells:

 Spells                   Type           Power      Damage    Failure   Level
 Ensorcelled Hibernation  Hex/Ice        0%         N/A       91%         2
 Sublimation of Blood     Necr           0%         N/A       91%         2
 Wereblood                Tmut           0%         N/A       91%         2
 Spider Form              Tmut/Pois      0%         N/A       99%         3
 Summon Hydra             Summ           0%         N/A       100%        7


Dungeon Overview and Level Annotations

Branches:
Dungeon (6/15)
 Temple: D:4-7

Altars:
Qazlal

Shops:
D:2 *

Annotations:
D:6 Maggie


Innate Abilities, Weirdness & Mutations

You have a pair of small horns on your head.
You are partially covered in icy blue scales. (AC +2)


Message History

Maggie is severely wounded.
Maggie hits you with a +0 long sword.
You hit Maggie but do no damage.
Maggie is severely wounded.
Maggie looks more healthy.
You closely miss Maggie.
Maggie is severely wounded.
Maggie is no longer moving slowly.
You block Maggie's attack.
You barely miss Maggie.
Maggie is severely wounded.
Maggie hits you but does no damage.
Maggie casts a spell.
Maggie attempts to bespell you!
You are mesmerised by Maggie!
You barely miss Maggie. You headbutt Maggie, but do no damage.
Maggie is severely wounded.
Maggie hits you but does no damage.
You hit Maggie but do no damage. You headbutt Maggie.
Maggie is severely wounded.
Maggie practices a pose.
Maggie hits you with a +0 long sword.
Hit: a) +0 long sword
Press: ? - help, Dir - move target, f/p - Maggie
Aim: Maggie, wielding a +0 long sword and wearing +0 steam dragon scales (severely wounded, mesmerising, about 40% to evade your +0 long sword)
Okay, then.
You feel very mighty all of a sudden. Maggie hits you with a +0 long sword.
* * * LOW HITPOINT WARNING * * *
You hit Maggie.
Maggie is almost dead.
Maggie mumbles some strange words.
Maggie draws you further into her thrall.
You hit Maggie. Your headbutt misses Maggie.
Maggie is almost dead.
Maggie hits you with a +0 long sword!
* * * LOW HITPOINT WARNING * * *
It was a potion of berserk rage.
You are too mesmerised to rage.
Maggie points at you and mumbles some strange words.
The bolt of fire hits you!!
You die...

#.# ##.# #..##.#
#.# #..#####.##.#
#.# #...........#
..# #..###.###..#
### ##.# #.# #..#
#.# #.# #..# #.#
.). #..# ### #.#
... #..# ..#
#.#######.@#
..#####.........@#
..'...# #####.#(#
..###.# ...... ..#
#.# ####..# ###
#.# #.>. #.# ####
#.# #.#


You could see Maggie (mesmerising).

Vanquished Creatures
  Sigmund (D:6)
  A sky beast (D:6)
  A howler monkey (D:6)
  A centaur skeleton (D:6)
  A hound (D:6)
  A howler monkey zombie (D:6)
  A gnoll (D:2)
  5 adders
  A dart slug (D:2)
  8 bats
  4 endoplasms (D:1)
  3 giant cockroaches
  6 goblins
  7 hobgoblins
  6 jackals
  5 kobolds
  3 quokkas
  7 ball pythons
  2 frilled lizards
  A rat (D:2)
65 creatures vanquished.

Notes
Turn   | Place    | Note
-------+----------+-------------------------------------------
     0 | D:1      | bearlyready the Demonspawn Fighter began the quest for the
                  | Orb.
     0 | D:1      | Reached XP level 1. HP: 18/18 MP: 1/1
    57 | D:1      | Reached skill level 3 in Shields
    57 | D:1      | Gained mutation: You have a pair of small horns on your
                  | head. [demonic ancestry]
    57 | D:1      | Reached XP level 2. HP: 8/24 MP: 2/2
  1133 | D:1      | Found a faded altar of an unknown god.
  1166 | D:1      | Reached XP level 3. HP: 25/29 MP: 3/3
  1838 | D:2      | Reached XP level 4. HP: 32/35 MP: 4/4
  1894 | D:2      | Reached skill level 1 in Slings
  1904 | D:2      | Found Cash's General Store.
  1908 | D:2      | Bought a scroll of teleportation for 39 gold pieces
  2350 | D:2      | Found a stormy altar of Qazlal.
  2818 | D:3      | You fall into a shaft and drop 3 floors!
  2838 | D:6      | Noticed Sigmund
  2848 | D:6      | Reached XP level 5. HP: 34/41 MP: 5/5
  2851 | D:6      | Reached skill level 4 in Shields
  2854 | D:6      | Killed Sigmund
  2855 | D:6      | Gained mutation: You are partially covered in icy blue
                  | scales. (AC +2) [demonic ancestry]
  2855 | D:6      | Reached XP level 6. HP: 16/47 MP: 6/6
  3516 | D:6      | Noticed a sky beast
  3522 | D:6      | Killed a sky beast
  3523 | D:6      | Reached skill level 5 in Shields
  3570 | D:6      | Noticed Maggie
  3595 | D:6      | Killed from afar by Maggie

Illustrated notes

Levels and vault maps discovered:
D:1:      sevenhm_arrival_forest_fort_small_4, layout_basic,
          dreamdust_ecumenical_altar_hidden_monk_grotto, minmay_pentomino_t2
D:2:      layout_basic, basic_altar, serial_shops, nicolae_shop_trees,
          roderic_lattice_a, minmay_misc_feat_hallway,
          minmay_randomly_rotated_circles
D:3:      layout_rooms, serial_shops, shop
D:6:      layout_basic, enter_ossuary_4, uniq_sigmund, uniq_maggie

Skill      XL: |  1  2  3  4  5  6 |
---------------+-------------------+-----
Long Blades    | 2 3 4 |  4.8
Shields        | 3 4 5 |  5.2
Slings         | 1 |  1.3
Fighting       | |  3.0
Armour         | |  2.6

Action                   |  1- 3 |  4- 6 || total
-------------------------+-------+-------++-------
Melee: Long sword        |   117 |   103 ||   220
       Headbutt          |    21 |    23 ||    44
Throw: Dart              |       |     4 ||     4
       Stone             |       |     1 ||     1
  Use: Scroll            |       |     2 ||     2
       Potion            |       |     3 ||     3
Armor: Scale mail        |    74 |    52 ||   126
Dodge: Dodged            |    63 |    43 ||   106
Block: Buckler           |    41 |    36 ||    77

Table legend: (Time is in decaauts)
 A = Elapsed time spent in this place.
 B = Non-inter-level travel time spent in this place.
 C = Inter-level travel time spent in this place.
 D = Time resting spent in this place.
 E = Time spent auto-exploring this place.
 F = Levels seen in this place.
 G = Mean time per level.
                   A        B        C        D        E       F      G
               +--------+--------+--------+--------+--------+-----+--------+
         Total |   3664 |   3567 |     97 |    334 |   2510 |   4 |  916.0 |
       Dungeon |   3664 |   3567 |     97 |    334 |   2510 |   4 |  916.0 |
               +--------+--------+--------+--------+--------+-----+--------+

Top non-repeatable levels by time:
     D:1: 1797 daAuts
     D:2: 1083 daAuts
     D:6: 783 daAuts
